[Event "Brugse Meesters 2017"]
[Site "Brugge"]
[Date "2017.08.14"]
[Round "4"]
[White "Dardha, Daniel"]
[Black "Somerfield, Adrian P"]
[Result "1-0"]
[ECO "E07"]
[WhiteElo "2218"]
[BlackElo "2081"]
[Annotator "NA"]
[PlyCount "95"]
[EventDate "2017.??.??"]
[EventCountry "BEL"]
[SourceTitle "playchess.com"]
[Source "ChessBase"]
[SourceQuality "1"]
[TimeControl "5400+30"]

1. d4 Nf6 2. Nf3 e6 3. c4 d5 4. g3 Be7 5. Bg2 O-O 6. O-O Nbd7 7. Nc3 c6 8. Nd2 b6 {E07: Closed Catalan: Main Line (5 Nf3 0-0 6 0-0 Nbd7)} (8... b5 $5) 9. e4 Bb7 (9... dxc4 10. Nxc4 Ba6 11. b3 b5 12. Ne3 b4 13. Ne2 Nb6 14. Bb2 c5 15. d5 Ne8 16. Re1 exd5 17. exd5 {1-0 (49) Wang,H (2717)-Shomoev,A (2561) Ho Chi Minh City 2016}) 10. e5 Ne8 11. cxd5 cxd5 12. f4 {LiveBook: 3 Games} g6 13. h3 $146 ({Predecessor:} 13. g4 Ng7 14. Rf2 f5 15. exf6 Nxf6 16. Nc4 {1-0 (39) Javakhadze,Z (2415)-Shalamberidze,A (2399) Batumi 2015}) 13... f6 14. exf6 Bxf6 15. Nf3 Nc7 16. Be3 b5 17. Ne2 Nb6 18. b3 a5 19. Nc1 b4 20. Nd3 Ba6 21. Re1 Nd7 22. Nfe5 Nxe5 23. dxe5 Be7 24. Nc5 Rf7 25. Rc1 $14 Bxc5 26. Bxc5 Nb5 27. Qd2 Rc8 28. Bf1 Rc6 29. Bxb5 Bxb5 30. Bd6 Qb6+ 31. Qf2 Qxf2+ 32. Kxf2 g5 33. Rxc6 Bxc6 34. Rc1 Bd7 35. Ke3 gxf4+ 36. gxf4 Kg7 37. Rg1+ Kh8 38. Bc7 a4 39. Bd8 h6 40. Bf6+ Kh7 41. h4 axb3 42. axb3 Bb5 43. h5 Rc7 44. f5 exf5 45. e6 Be8 46. e7 Rd7 47. Rg7+ Kh8 48. Rf7+ 1-0

[Event "Brugse Meesters 2017"]
[Site "Brugge"]
[Date "2017.08.14"]
[Round "4"]
[White "Marzano, Carlo"]
[Black "Frayna, Janelle Mae"]
[Result "1/2-1/2"]
[ECO "D91"]
[WhiteElo "2158"]
[BlackElo "2248"]
[Annotator "NA"]
[PlyCount "87"]
[EventDate "2017.??.??"]
[EventCountry "BEL"]
[SourceTitle "playchess.com"]
[Source "ChessBase"]
[SourceQuality "1"]
[TimeControl "5400+30"]

1. d4 g6 2. c4 Nf6 3. Nc3 d5 4. Nf3 Bg7 5. Bg5 Ne4 6. cxd5 ({But not} 6. Nxd5 $2 Nxg5 7. Nxg5 e6 $19) 6... Nxg5 7. Nxg5 e6 8. Qd2 exd5 9. Qe3+ Kf8 $1 10. Qf4 Bf6 11. h4 h6 12. Nf3 Kg7 13. e3 {LiveBook: 31 Games} c6 14. Bd3 Be6 15. O-O-O Nd7 16. Kb1 {D91: Grünfeld: 4 Nf3 Bg7 5 Bg5} (16. g4 Qb8 17. Rhg1 Be7 18. Qxb8 Raxb8 19. Ne2 Bd6 20. Nf4 Rbe8 21. Rg2 a6 22. Bc2 Nf6 23. Rdg1 Bc8 {½-½ (66) Wojtaszek,R (2744)-Radjabov,T (2734) Beijing 2014}) 16... Qb8 17. Qxb8 Raxb8 18. Rc1 {[#]} Be7 $146 ({Predecessor:} 18... Rhc8 19. g3 Be7 20. Rhe1 Nf6 21. Ne5 Bd6 22. f4 h5 23. Rf1 {1-0 (80) Volkov,S (2628)-Vorobiov,E (2524) chessassistantclub.com INT 2004}) 19. g3 Bd6 20. Na4 Rhe8 (20... Bg4 $5 21. Nh2 Bh3 $15) 21. Nc5 Bxc5 22. dxc5 Bg4 23. Nd4 Ne5 24. Rc3 Bf3 25. Nxf3 Nxf3 26. Ra3 a6 27. Ra4 Re7 (27... d4 $5 28. exd4 Rbd8 $11) 28. Rd1 Rbe8 29. Be2 Ne5 30. Rad4 Nd7 31. b4 Nf8 32. Bg4 f5 33. Bf3 Kf6 (33... a5 $5 34. a3 Rb8 $17) 34. R4d2 Ne6 35. Kb2 Rd8 36. Kc3 Red7 37. a3 Ke5 38. Re2 h5 39. Bg2 Kf6 40. Red2 Re7 41. Bf3 Ke5 42. Bg2 Kf6 43. Bf3 Ke5 44. Bg2 $11 1/2-1/2

[Event "Brugse Meesters 2017"]
[Site "Brugge"]
[Date "2017.08.15"]
[Round "6"]
[White "Vandenbussche, Thibaut"]
[Black "Faure, Stephane"]
[Result "1-0"]
[ECO "B22"]
[WhiteElo "2387"]
[BlackElo "2109"]
[Annotator "NA"]
[PlyCount "107"]
[EventDate "2017.??.??"]
[EventCountry "BEL"]
[SourceTitle "playchess.com"]
[Source "ChessBase"]
[SourceQuality "1"]
[TimeControl "5400+30"]

1. e4 c5 2. Nf3 d6 3. c3 e6 4. d4 Nd7 5. Bd3 Ngf6 {LiveBook: 18 Games} 6. Bg5 h6 7. Bh4 Be7 8. Nbd2 cxd4 9. cxd4 O-O 10. Qe2 e5 11. dxe5 Nxe5 12. Nxe5 $11 dxe5 13. Bxf6 Bxf6 14. Bc4 Bg5 15. Nb3 a5 16. O-O a4 17. Nc1 Qd4 18. Bd5 a3 19. Nd3 Bd7 20. Rfd1 Bb5 21. Qf3 axb2 22. Rab1 Ba4 23. Nxb2 Bxd1 24. Nxd1 Qd2 25. g3 Ra7 26. h4 Be7 27. Ne3 g6 28. Qg4 Kh8 29. h5 Bg5 30. Nc4 Qxa2 31. Rf1 f5 32. Qf3 Kg7 33. Nxe5 Qc2 34. Nxg6 Rf6 35. e5 Rfa6 36. Kg2 Ra3 37. Qd1 Qc7 38. Bb3 Qc6+ 39. Bd5 Qc7 40. f4 Be7 41. Bf3 Ra2+ 42. Kh3 Ra1 43. Qd3 R7a3 44. Qxf5 Rxf1 45. Bg2 Rf2 46. Qg4 Bg5 47. fxg5 b5 48. gxh6+ Kxh6 49. Ne7 Qc2 50. Ng8+ Kh7 51. Be4+ Qxe4 52. Qxe4+ Kxg8 53. Qg6+ Kf8 54. Qd6+ 1-0

[Event "Brugse Meesters 2017"]
[Site "Brugge"]
[Date "2017.08.15"]
[Round "6"]
[White "Marzano, Carlo"]
[Black "Gonzales, Jayson"]
[Result "1/2-1/2"]
[ECO "E73"]
[WhiteElo "2158"]
[BlackElo "2378"]
[Annotator "NA"]
[PlyCount "123"]
[EventDate "2017.??.??"]
[EventCountry "BEL"]
[SourceTitle "playchess.com"]
[Source "ChessBase"]
[SourceQuality "1"]
[TimeControl "5400+30"]

1. d4 d6 2. c4 g6 3. Nc3 Bg7 4. e4 Nf6 5. Be2 e5 {LiveBook: 35 Games} 6. dxe5 dxe5 7. Qxd8+ Kxd8 8. f4 Nc6 9. fxe5 Nxe5 10. Bf4 Nh5 11. O-O-O+ $14 Bd7 12. Be3 Kc8 13. Nf3 Re8 14. Nxe5 Bxe5 15. Bd4 Nf4 16. Bf3 c6 17. Rhf1 Kc7 18. Bxe5+ Rxe5 19. g3 Ne6 20. Bg4 Be8 21. Bxe6 Rxe6 22. Rf2 Rd8 23. Rxd8 Kxd8 24. Kd2 Ke7 25. Kd3 Bd7 26. b3 f6 27. Rd2 Re5 28. Rf2 h5 29. h4 Bg4 30. Kd2 Kf7 31. Kd3 Re8 32. Kd2 Kg7 33. Kd3 Re5 34. Kd4 Kf7 35. Kd3 Re8 36. Kd2 Ke6 37. Kd3 Ke5 38. Ke3 Rd8 39. Rf1 b6 40. Rf2 Rd7 41. Rf1 a6 42. Na4 Rd4 43. Nc3 Rd8 44. Na4 f5 45. exf5 Bxf5 46. Nb2 b5 47. Rd1 Re8 48. Rd2 Bb1 49. Kf2 Rf8+ 50. Ke3 Rf1 51. cxb5 cxb5 52. a3 Be4 53. Nd3+ Bxd3 54. Rxd3 a5 55. Rc3 Kd6 56. Rd3+ Ke6 57. Rc3 Rb1 58. Ke4 b4 59. axb4 axb4 60. Rd3 Re1+ 61. Kf4 Rc1 62. Ke4 {Ke5} 1/2-1/2

[Event "Brugse Meesters 2017"]
[Site "Brugge"]
[Date "2017.08.15"]
[Round "6"]
[White "Stone, Andrew M"]
[Black "Pel, Bonno"]
[Result "1-0"]
[ECO "E62"]
[WhiteElo "2153"]
[BlackElo "2255"]
[Annotator "NA"]
[PlyCount "83"]
[EventDate "2017.??.??"]
[EventCountry "BEL"]
[SourceTitle "playchess.com"]
[Source "ChessBase"]
[SourceQuality "1"]
[TimeControl "5400+30"]

1. c4 g6 2. Nc3 Bg7 3. g3 d6 4. d4 Nf6 5. Bg2 O-O 6. Nf3 Nc6 7. O-O Bg4 8. Ne1 Qd7 9. Nc2 e5 10. d5 Ne7 11. f3 Bh3 12. e4 {LiveBook: 4 Games} Bxg2 13. Kxg2 Ne8 14. b4 c6 15. dxc6 bxc6 $11 16. a4 Qe6 17. Qd3 f5 18. b5 fxe4 19. fxe4 Rxf1 20. Kxf1 Nf6 21. Ne3 Rf8 22. Kg2 h5 23. Ba3 c5 24. a5 Bh6 25. Bc1 h4 26. Bd2 Bxe3 27. Bxe3 Ng4 28. Nd5 h3+ 29. Kg1 Rf3 30. Qe2 Nxd5 31. Qxf3 Ndxe3 32. b6 Qxc4 33. bxa7 Qa6 34. Rf1 Nxf1 35. Qxg4 Kg7 36. Qd7+ Kh6 37. Qxh3+ Kg7 38. Qd7+ Kh6 39. Qd8 Nxg3 40. hxg3 Qxa7 41. Qh8+ Kg5 42. Qh4# 1-0

[Event "Brugse Meesters 2017"]
[Site "Brugge"]
[Date "2017.08.15"]
[Round "6"]
[White "Gray, Mark S"]
[Black "Frayna, Janelle Mae"]
[Result "0-1"]
[ECO "B09"]
[WhiteElo "2103"]
[BlackElo "2248"]
[Annotator "NA"]
[PlyCount "114"]
[EventDate "2017.??.??"]
[EventCountry "BEL"]
[SourceTitle "playchess.com"]
[Source "ChessBase"]
[SourceQuality "1"]
[TimeControl "5400+30"]

1. e4 g6 2. d4 Bg7 3. Nc3 d6 4. f4 Nf6 5. Nf3 O-O 6. Be3 b6 7. e5 Ng4 8. Bg1 Bb7 {LiveBook: 7 Games} 9. e6 f5 $1 ({Reject} 9... fxe6 $6 10. Ng5 $16) 10. d5 (10. h4 $15) 10... c6 (10... Bxc3+ $5 11. bxc3 c6 $17) 11. Bc4 $19 (11. Qd2 $15) 11... Nf6 12. Qd3 cxd5 13. Nxd5 Nxd5 14. Bxd5 Bxd5 15. Qxd5 Bxb2 16. Qxa8 Bxa1 17. Qxa7 Qc8 18. Bxb6 Bc3+ 19. Kf2 Qxe6 20. Qa3 Rc8 21. Rd1 Nd7 22. Be3 Nf6 23. Rd3 Ne4+ 24. Kf1 Bf6 25. Qb3 Qc4 26. Ke1 Qxb3 27. cxb3 e5 28. fxe5 dxe5 29. Rd5 Nc3 30. Rc5 Rxc5 31. Bxc5 e4 32. Nd4 Nxa2 33. Kd2 Kf7 34. g3 Ke8 35. Ne2 Be7 36. Bxe7 Kxe7 37. Ke3 Kd6 38. h4 Ke5 39. Nd4 Nb4 40. Ne2 Nc2+ 41. Kd2 Nd4 42. Nc1 h6 43. Ke3 g5 44. hxg5 hxg5 45. Kd2 Nc6 46. Ne2 Nb4 47. Ke3 Nd5+ 48. Kd2 f4 49. gxf4+ gxf4 50. Ng1 f3 51. Nh3 Kd4 52. Ng5 Nf4 53. Ke1 Nd3+ 54. Kf1 Ke5 55. Nf7+ Kf4 56. Nd8 e3 57. Ne6+ Ke5 0-1

[Event "Brugse Meesters 2017"]
[Site "Brugge"]
[Date "2017.08.15"]
[Round "6"]
[White "Altea, Alessandro"]
[Black "Dardha, Daniel"]
[Result "0-1"]
[ECO "E04"]
[WhiteElo "2025"]
[BlackElo "2218"]
[Annotator "NA"]
[PlyCount "80"]
[EventDate "2017.??.??"]
[EventCountry "BEL"]
[SourceTitle "playchess.com"]
[Source "ChessBase"]
[SourceQuality "1"]
[TimeControl "5400+30"]

1. d4 Nf6 2. Nf3 d5 3. c4 e6 4. g3 dxc4 5. Bg2 Nc6 6. O-O Rb8 7. a4 a6 8. e3 {LiveBook: 15 Games} Bd7 9. Bd2 Bd6 10. Qc2 b5 11. axb5 axb5 12. b3 cxb3 13. Qxb3 $15 O-O 14. Rc1 e5 15. Ra6 Qe8 16. Nc3 exd4 17. exd4 Bc8 18. Raa1 Bg4 19. Be3 Ne7 20. Nd2 Nf5 21. Nde4 Nxe4 22. Nxe4 Be2 23. Nxd6 cxd6 24. Bf4 Bc4 25. Qc3 Qd8 26. Be4 Ne7 27. Qf3 f5 28. Bd3 Bd5 29. Qe2 Nc6 30. Rxc6 Bxc6 31. Qe6+ Kh8 32. Qxd6 Qxd6 33. Bxd6 Ra8 34. Rc1 Rfc8 35. Re1 Rd8 36. Be5 b4 37. Rb1 Bd5 38. Bxf5 b3 39. f4 Ra2 40. Bh3 Rda8 0-1